TOP OF THE 1ST |
Fort Wayne TinCaps batting - Pitching for Wisconsin Timber Rattlers : LHP Brian Rich
|
Pitching: LHP Brian Rich
|
|
Batting: SHB Detlef Oursler
|
0-0: Ball 1-0: Swinging Strike 1-1: Foul Ball, location: 2F 1-2: Ball 2-2: Strikes out looking
|
Batting: LHB Tony Contreras
|
0-0: Called Strike 0-1: Ball 1-1: Ground out 6-3 (Groundball, 6, EV 102.5 MPH)
|
Batting: LHB Justin Alworth
|
0-0: Ball 1-0: Ball 2-0: Foul Ball, location: 2F 2-1: Fly out, F8 (Flyball, 89M, EV 89.4 MPH)
|
Top of the 1st over - 0 runs, 0 hits, 0 errors, 0 left on base; Fort Wayne 0 - Wisconsin 0 |
BOTTOM OF THE 1ST |
Wisconsin Timber Rattlers batting - Pitching for Fort Wayne TinCaps : RHP Josh Thorne
|
Pitching: RHP Josh Thorne
|
|
Batting: SHB Sam Bingham
|
0-0: Ball 1-0: Ground out 6-3 (Groundball, 4M, EV 88.1 MPH)
|
Batting: SHB Craig Wright
|
0-0: Called Strike 0-1: Ball 1-1: Called Strike 1-2: Ball 2-2: Foul Ball, location: 2F 2-2: Foul Ball, location: 2F 2-2: Strikes out swinging, 2-3 out at first.
|
Batting: LHB Karel Hort
|
0-0: Ball 1-0: Foul Ball, location: 2F 1-1: Foul Ball, location: 2F 1-2: Ball 2-2: Reached on error, E4 (Groundball, 34, EV 108.1 MPH)
|
Batting: SHB Jerry Duffy
|
0-0: Called Strike 0-1: Foul Ball, location: 2F 0-2: Foul Ball, location: 2F 0-2: Ball 1-2: DOUBLE (Flyball, 8RXD, EV 101.9 MPH) Karel Hort to third
|
Batting: RHB Alfredo Sena
|
0-0: Ball 1-0: Fly out, F7 (Flyball, 7S, EV 88.1 MPH)
|
Bottom of the 1st over - 0 runs, 1 hit, 1 error, 2 left on base; Fort Wayne 0 - Wisconsin 0 |
TOP OF THE 2ND |
Fort Wayne TinCaps batting - Pitching for Wisconsin Timber Rattlers : LHP Brian Rich
|
Batting: RHB Dave Cordero
|
0-0: Foul Ball, location: 2F 0-1: Swinging Strike 0-2: Foul Ball, location: 2F 0-2: Ball 1-2: Ball 2-2: Fly out, F9 (Flyball, 89D, EV 77.5 MPH)
|
Batting: LHB Sean Trueblood
|
0-0: Ball 1-0: Ball 2-0: Ball 3-0: Foul Ball, location: 2F 3-1: SINGLE (Line Drive, 6MD, EV 95.6 MPH)
|
Batting: LHB Chad Cutler
|
0-0: Called Strike 0-1: Foul Ball, location: 2F 0-2: Ball 1-2: Fly out, F9 (Line Drive, 9, EV 88.1 MPH)
|
Batting: RHB Danny Gallegos
|
0-0: Ball 1-0: Ball 2-0: DOUBLE (Flyball, 8RXD, EV 98.8 MPH) Sean Trueblood to third Runner from 3rd tries for Home, SAFE, no throw by CF
|
Batting: LHB Ryan Anderson
|
0-0: Ball 1-0: Called Strike 1-1: Foul Ball, location: 2F 1-2: Strikes out swinging
|
Top of the 2nd over - 1 run, 2 hits, 0 errors, 1 left on base; Fort Wayne 1 - Wisconsin 0 |
BOTTOM OF THE 2ND |
Wisconsin Timber Rattlers batting - Pitching for Fort Wayne TinCaps : RHP Josh Thorne
|
Batting: SHB Ramon Perez
|
0-0: Ball 1-0: Ball 2-0: Ball 3-0: Called Strike 3-1: Fly out, F9 (Line Drive, 9S, EV 90.6 MPH)
|
Batting: RHB Victor Alarcon
|
0-0: Called Strike 0-1: Ball 1-1: Foul Ball, location: 2F 1-2: SINGLE (Line Drive, 7S, EV 102.5 MPH)
|
Batting: RHB Juan Villanueva
|
0-0: Ball Victor Alarcon is caught stealing 2nd base 2-4 1-0: Fly out, F8 (Flyball, 89XD, EV 97.5 MPH)
|
Bottom of the 2nd over - 0 runs, 1 hit, 0 errors, 0 left on base; Fort Wayne 1 - Wisconsin 0 |
TOP OF THE 3RD |
Fort Wayne TinCaps batting - Pitching for Wisconsin Timber Rattlers : LHP Brian Rich
|
Batting: RHB Ricky Trejo
|
0-0: Ball 1-0: Called Strike 1-1: Foul Ball, location: 2F 1-2: Strikes out swinging
|
Batting: SHB Detlef Oursler
|
0-0: Foul Ball, location: 2F 0-1: Called Strike 0-2: Foul Ball, location: 2F 0-2: Ball 1-2: Ball 2-2: Strikes out swinging
|
Batting: LHB Tony Contreras
|
0-0: Ball 1-0: Ground out 6-3 (Groundball, 56D, EV 100.6 MPH)
|
Top of the 3rd over - 0 runs, 0 hits, 0 errors, 0 left on base; Fort Wayne 1 - Wisconsin 0 |
BOTTOM OF THE 3RD |
Wisconsin Timber Rattlers batting - Pitching for Fort Wayne TinCaps : RHP Josh Thorne
|
Batting: RHB Dusty Bates
|
0-0: Swinging Strike 0-1: Called Strike 0-2: Ball 1-2: Ball 2-2: Ground out 6-3 (Groundball, 6D, EV 82.5 MPH)
|
Batting: SHB Sam Bingham
|
0-0: Called Strike 0-1: Called Strike 0-2: Ball 1-2: Strikes out swinging
|
Batting: SHB Craig Wright
|
0-0: Fly out, F9 (Flyball, 89M, EV 83.1 MPH)
|
Bottom of the 3rd over - 0 runs, 0 hits, 0 errors, 0 left on base; Fort Wayne 1 - Wisconsin 0 |
TOP OF THE 4TH |
Fort Wayne TinCaps batting - Pitching for Wisconsin Timber Rattlers : LHP Brian Rich
|
Batting: LHB Justin Alworth
|
0-0: Ball 1-0: Swinging Strike 1-1: Ball 2-1: Ball 3-1: Swinging Strike 3-2: SOLO HOME RUN (Flyball, 9D, EV 95.6 MPH), Distance : 378 ft
|
Batting: RHB Dave Cordero
|
0-0: Called Strike 0-1: Foul Ball, location: 2F 0-2: Ball 1-2: Foul Ball, location: 2F 1-2: Ball 2-2: Foul Ball, location: 2F 2-2: Foul Ball, location: 2F 2-2: Foul Ball, location: 2F 2-2: Ball 3-2: Strikes out looking
|
Batting: LHB Sean Trueblood
|
0-0: Ball 1-0: Swinging Strike 1-1: Ball 2-1: Swinging Strike 2-2: Foul Ball, location: 9LSF, Error on foul ball, E9 2-2: Ball 3-2: Ground out 6-3 (Groundball, 56, EV 101.9 MPH)
|
Batting: LHB Chad Cutler
|
0-0: Ball 1-0: Called Strike 1-1: Swinging Strike 1-2: Ground out 4-3 (Groundball, 34D, EV 102.5 MPH)
|
Top of the 4th over - 1 run, 1 hit, 1 error, 0 left on base; Fort Wayne 2 - Wisconsin 0 |
BOTTOM OF THE 4TH |
Wisconsin Timber Rattlers batting - Pitching for Fort Wayne TinCaps : RHP Josh Thorne
|
Batting: LHB Karel Hort
|
0-0: Ball 1-0: Foul Ball, location: 2F 1-1: Called Strike 1-2: Ball 2-2: Foul Ball, location: 2F 2-2: Foul Ball, location: 2F 2-2: Reached on error, E2 (Groundball, 15S, EV 68.8 MPH)
|
Batting: SHB Jerry Duffy
|
0-0: Ball 1-0: Foul Ball, location: 2F 1-1: Foul Ball, location: 2F 1-2: Ball 2-2: Foul Ball, location: 2F 2-2: Strikes out looking
|
Batting: RHB Alfredo Sena
|
0-0: Called Strike 0-1: Fly out, F9 (Flyball, 9, EV 90.0 MPH)
|
Batting: SHB Ramon Perez
|
0-0: Ball 1-0: Ball 2-0: Called Strike 2-1: Foul Ball, location: 2F 2-2: Foul Ball, location: 2F 2-2: Hit by Pitch
|
Batting: RHB Victor Alarcon
|
0-0: Ball 1-0: Ball 2-0: Fielders Choice at 2nd, 6-4 (Groundball, 6, EV 76.9 MPH)
|
Bottom of the 4th over - 0 runs, 0 hits, 1 error, 2 left on base; Fort Wayne 2 - Wisconsin 0 |
TOP OF THE 5TH |
Fort Wayne TinCaps batting - Pitching for Wisconsin Timber Rattlers : LHP Brian Rich
|
Batting: RHB Danny Gallegos
|
0-0: Called Strike 0-1: Called Strike 0-2: Ball 1-2: Foul Ball, location: 2F 1-2: Foul Ball, location: 2F 1-2: Foul Ball, location: 2F 1-2: Ball 2-2: Ball 3-2: Base on Balls
|
Batting: LHB Ryan Anderson
|
0-0: Ball 1-0: Foul Ball, location: 2F 1-1: Ball 2-1: DOUBLE (Line Drive, 78XD, EV 103.8 MPH) Danny Gallegos to third
|
Batting: RHB Ricky Trejo
|
0-0: Ground out 4-3 (Groundball, 13, EV 91.9 MPH)
|
Batting: SHB Detlef Oursler
|
0-0: Ball 1-0: Called Strike 1-1: Foul Ball, location: 2F 1-2: Foul Ball, location: 2F 1-2: Foul Ball, location: 2F 1-2: Ball 2-2: Strikes out swinging
|
Batting: LHB Tony Contreras
|
0-0: Ball 1-0: Ball 2-0: Ground out 5-3 (Groundball, 5, EV 104.4 MPH)
|
Top of the 5th over - 0 runs, 1 hit, 0 errors, 2 left on base; Fort Wayne 2 - Wisconsin 0 |
BOTTOM OF THE 5TH |
Wisconsin Timber Rattlers batting - Pitching for Fort Wayne TinCaps : RHP Josh Thorne
|
Batting: RHB Juan Villanueva
|
0-0: Ball 1-0: Ball 2-0: DOUBLE (Line Drive, 89D, EV 103.1 MPH) - OUT at third base trying to stretch hit.
|
Batting: RHB Dusty Bates
|
0-0: Ball 1-0: Ball 2-0: Foul Ball, location: 2F 2-1: Ball 3-1: Ground out 6-3 (Groundball, P, EV 79.4 MPH)
|
Batting: SHB Sam Bingham
|
0-0: Ball 1-0: Foul Ball, location: 2F 1-1: Swinging Strike 1-2: SINGLE (Groundball, 34D, EV 105.0 MPH)
|
Batting: SHB Craig Wright
|
0-0: Called Strike 0-1: Foul Ball, location: 2F 0-2: Ball 1-2: Foul Ball, location: 2F 1-2: Fielders Choice at 2nd, 6-4 (Groundball, 6, EV 88.8 MPH)
|
Bottom of the 5th over - 0 runs, 2 hits, 0 errors, 1 left on base; Fort Wayne 2 - Wisconsin 0 |
TOP OF THE 6TH |
Fort Wayne TinCaps batting - Pitching for Wisconsin Timber Rattlers : LHP Brian Rich
|
Batting: LHB Justin Alworth
|
0-0: Called Strike 0-1: Ball 1-1: Foul Ball, location: 2F 1-2: Ball 2-2: Strikes out swinging
|
Pitching: RHP Tony Acevedo
|
|
Batting: RHB Dave Cordero
|
0-0: Foul Ball, location: 2F 0-1: Foul Ball, location: 2F 0-2: Foul Ball, location: 2F 0-2: Ground out 6-3 (Groundball, 6M, EV 81.9 MPH)
|
Batting: LHB Sean Trueblood
|
0-0: Ball 1-0: Fly out, F8 (Flyball, 8LXD, EV 76.2 MPH)
|
Top of the 6th over - 0 runs, 0 hits, 0 errors, 0 left on base; Fort Wayne 2 - Wisconsin 0 |
BOTTOM OF THE 6TH |
Wisconsin Timber Rattlers batting - Pitching for Fort Wayne TinCaps : RHP Josh Thorne
|
Pitching: RHP Mike Swenson
|
|
Batting: LHB Karel Hort
|
0-0: Ball 1-0: Fly out, F5 (Popup, 56S, EV 84.4 MPH)
|
Batting: SHB Jerry Duffy
|
0-0: Ball 1-0: Called Strike 1-1: SINGLE (Line Drive, 34, EV 99.4 MPH)
|
Batting: RHB Alfredo Sena
|
0-0: Called Strike Jerry Duffy steals 2nd base 0-1: Fly out, F7 (Flyball, 7LM, EV 83.8 MPH)
|
Batting: SHB Ramon Perez
|
0-0: Ball 1-0: Foul Ball, location: 2F 1-1: Called Strike 1-2: Foul Ball, location: 2F 1-2: Ball 2-2: Hit by Pitch
|
Batting: RHB Victor Alarcon
|
0-0: Called Strike 0-1: Fly out, F8 (Flyball, 8LD, EV 88.8 MPH)
|
Bottom of the 6th over - 0 runs, 1 hit, 0 errors, 2 left on base; Fort Wayne 2 - Wisconsin 0 |
TOP OF THE 7TH |
Fort Wayne TinCaps batting - Pitching for Wisconsin Timber Rattlers : RHP Tony Acevedo
|
Batting: LHB Chad Cutler
|
0-0: Ball 1-0: Fly out, F9 (Flyball, 9, EV 93.1 MPH)
|
Batting: RHB Danny Gallegos
|
0-0: Ball 1-0: Ball 2-0: Foul Ball, location: 2F 2-1: Swinging Strike 2-2: Strikes out swinging
|
Batting: LHB Ryan Anderson
|
0-0: Called Strike 0-1: Foul Ball, location: 2F 0-2: Ground out 3-1 (Groundball, 34, EV 85.6 MPH)
|
Top of the 7th over - 0 runs, 0 hits, 0 errors, 0 left on base; Fort Wayne 2 - Wisconsin 0 |
BOTTOM OF THE 7TH |
Wisconsin Timber Rattlers batting - Pitching for Fort Wayne TinCaps : RHP Mike Swenson
|
Batting: RHB Juan Villanueva
|
0-0: Ground out 3-1 (Groundball, 34S, EV 86.2 MPH)
|
Batting: RHB Dusty Bates
|
0-0: Called Strike 0-1: Ball 1-1: Ball 2-1: Ball 3-1: Swinging Strike 3-2: Foul Ball, location: 2F 3-2: Base on Balls
|
Batting: SHB Sam Bingham
|
0-0: Foul Ball, location: 2F 0-1: Ball 1-1: Fly out, F8 (Flyball, 89D, EV 85.0 MPH)
|
Batting: SHB Craig Wright
|
0-0: Swinging Strike 0-1: Ball 1-1: Ball 2-1: Fielders Choice at 2nd, 6-4 (Groundball, 6, EV 100.6 MPH)
|
Bottom of the 7th over - 0 runs, 0 hits, 0 errors, 1 left on base; Fort Wayne 2 - Wisconsin 0 |
TOP OF THE 8TH |
Fort Wayne TinCaps batting - Pitching for Wisconsin Timber Rattlers : RHP Tony Acevedo
|
Batting: RHB Ricky Trejo
|
0-0: Called Strike 0-1: Foul Ball, location: 2F 0-2: Ground out 6-3 (Groundball, 56, EV 108.8 MPH)
|
Batting: SHB Detlef Oursler
|
0-0: Called Strike 0-1: Ball 1-1: Ground out 4-3 (Groundball, 4, EV 88.1 MPH)
|
Batting: LHB Tony Contreras
|
0-0: Called Strike 0-1: Ball 1-1: SINGLE (Groundball, 6S, EV 69.4 MPH) (infield hit)
|
Batting: LHB Justin Alworth
|
0-0: Called Strike 0-1: Ball 1-1: Fly out, F8 (Flyball, 8RM, EV 86.2 MPH)
|
Top of the 8th over - 0 runs, 1 hit, 0 errors, 1 left on base; Fort Wayne 2 - Wisconsin 0 |
BOTTOM OF THE 8TH |
Wisconsin Timber Rattlers batting - Pitching for Fort Wayne TinCaps : RHP Mike Swenson
|
Pitching: RHP Phil Holmes
|
|
Batting: LHB Karel Hort
|
0-0: Fly out, F7 (Flyball, 7, EV 85.0 MPH)
|
Batting: SHB Jerry Duffy
|
0-0: Ball 1-0: Ball 2-0: SOLO HOME RUN (Flyball, 7LD, EV 95.0 MPH), Distance : 349 ft
|
Batting: RHB Alfredo Sena
|
0-0: Foul Ball, location: 2F 0-1: Ground out 6-3 (Groundball, 6, EV 106.2 MPH)
|
Batting: SHB Ramon Perez
|
0-0: Called Strike 0-1: Swinging Strike 0-2: Ball 1-2: Ball 2-2: Ball 3-2: Strikes out swinging
|
Bottom of the 8th over - 1 run, 1 hit, 0 errors, 0 left on base; Fort Wayne 2 - Wisconsin 1 |
TOP OF THE 9TH |
Fort Wayne TinCaps batting - Pitching for Wisconsin Timber Rattlers : RHP Tony Acevedo
|
Pitching: RHP Sal Contreras
|
|
Pinch Hitting: SHB Cesar Arteaga
|
0-0: Called Strike 0-1: Ground out 6-3 (Groundball, 6, EV 93.1 MPH)
|
Batting: LHB Sean Trueblood
|
0-0: Ball 1-0: SINGLE (Groundball, 6D, EV 98.1 MPH)
|
Batting: LHB Chad Cutler
|
0-0: Called Strike 0-1: Foul Ball, location: 2F 0-2: Foul Ball, location: 2F 0-2: Ball 1-2: Strikes out looking
|
Batting: RHB Danny Gallegos
|
0-0: Ball 1-0: Ball Wild Pitch! Sean Trueblood to second 2-0: Called Strike 2-1: Foul Ball, location: 2F 2-2: Strikes out swinging
|
Top of the 9th over - 0 runs, 1 hit, 0 errors, 1 left on base; Fort Wayne 2 - Wisconsin 1 |
BOTTOM OF THE 9TH |
Wisconsin Timber Rattlers batting - Pitching for Fort Wayne TinCaps : RHP Phil Holmes
|
Pitching: RHP Jose Ramos
|
|
Now at 1B: Marcus Dawson
|
|
Now at 2B: Cesar Arteaga
|
|
Batting: RHB Victor Alarcon
|
0-0: Ball 1-0: Called Strike 1-1: Foul Ball, location: 2F 1-2: Strikes out swinging
|
Pinch Hitting: LHB Paul Collins
|
0-0: Ball 1-0: Ball 2-0: Foul Ball, location: 2F 2-1: Fly out, F5 (Popup, 56S, EV 75.6 MPH)
|
Pinch Hitting: LHB Umar Matoub
|
0-0: Called Strike 0-1: Ball 1-1: Foul Ball, location: 2F 1-2: Ball 2-2: Foul Ball, location: 2F 2-2: Ball 3-2: Strikes out swinging
|
Bottom of the 9th over - 0 runs, 0 hits, 0 errors, 0 left on base; Fort Wayne 2 - Wisconsin 1 |
|